[Event "2nd Cambridge Open 2024"]
[Site "Cambridge"]
[Date "2024.02.21"]
[Round "4.32"]
[White "Cole, James"]
[Black "Brett, Andrew R"]
[Result "0-1"]
[ECO "C77"]
[WhiteElo "1940"]
[BlackElo "2072"]
[Annotator "NA RC"]
[PlyCount "92"]
[EventDate "2024.02.18"]
[EventType "swiss"]
[EventCountry "ENG"]
[SourceTitle "playchess.com"]
[Source "ChessBase"]
[SourceQuality "1"]
[TimeControl "5400+30"]

1. e4 e5 2. Nf3 Nc6 3. Bb5 a6 4. Ba4 Nf6 5. Qe2 b5 6. Bb3 Bc5 7. d3 d6 8. c3 h6 9. Be3 Bxe3 10. fxe3 O-O 11. Nbd2 Be6 12. O-O d5 13. exd5 Bxd5 14. e4 Be6 15. Bc2 Nh5 16. Qe3 Qe7 17. d4 Bd7 18. a3 $16 Rae8 19. d5 Nd8 20. a4 c6 21. axb5 axb5 22. Ra7 Nf6 23. c4 bxc4 24. d6 Qxd6 25. Nxc4 Qb8 26. Qb6 Qxb6+ 27. Nxb6 Bg4 28. Nc4 Bxf3 29. gxf3 Ne6 30. Ra5 Nd4 31. Ba4 Nd7 32. Kf2 f5 33. Nd6 Ra8 34. Rxa8 Rxa8 35. b3 fxe4 36. Nxe4 Nb6 37. Nc3 Rf8 38. Ke3 Nd5+ 39. Nxd5 cxd5 40. Rf2 Rc8 41. Rd2 Rc3+ 42. Rd3 Rc2 43. Rd2 Rxd2 44. Kxd2 Nxf3+ 45. Ke3 Nxh2 46. Bc6 Ng4+ 0-1

[Event "2nd Cambridge Open 2024"]
[Site "Cambridge"]
[Date "2024.02.21"]
[Round "4.33"]
[White "Shafi, Declan"]
[Black "Keohane, Ben"]
[Result "1-0"]
[ECO "A80"]
[WhiteElo "2219"]
[BlackElo "1926"]
[Annotator "ChessBase"]
[PlyCount "109"]
[EventDate "2024.02.18"]
[EventType "swiss"]
[EventCountry "ENG"]
[SourceTitle "playchess.com"]
[Source "ChessBase"]
[SourceQuality "1"]
[TimeControl "5400+30"]

1. d4 f5 2. Bg5 g6 3. e3 Bg7 4. h4 Nh6 5. Nc3 d5 6. Qf3 c6 7. Qg3 Nd7 8. h5 Nf8 9. Nf3 Qd6 10. Bf4 Qb4 11. O-O-O Nf7 12. a3 Qa5 13. Bc7 b6 14. Nd2 f4 15. Bxf4 b5 16. Nb3 Qd8 17. Nc5 Nd6 18. Bd3 Bf5 19. Nb7 Nxb7 20. Bxf5 Nd6 21. Bd3 g5 22. Bxg5 h6 23. Bf4 Bf6 24. Be5 Qd7 25. Bg6+ Kd8 26. Bxf6 exf6 27. Qf4 Ne6 28. Qxf6+ Kc7 29. Bf5 Nxf5 30. Qxf5 Raf8 31. Qe5+ Qd6 32. Qxd6+ Kxd6 33. Rdf1 Rhg8 34. Rhg1 Rg4 35. f3 Rg5 36. g4 a5 37. Ne2 b4 38. axb4 axb4 39. Kd2 Rgg8 40. Ng3 Ng5 41. Ke2 Kc7 42. Nf5 Rf6 43. Ra1 Kb6 44. Ra4 Nxf3 45. Kxf3 Rxf5+ 46. gxf5 Rxg1 47. Rxb4+ Kc7 48. c4 dxc4 49. Rxc4 Rg5 50. e4 Rxh5 51. d5 Rh3+ 52. Kg4 Rb3 53. Rxc6+ Kd7 54. Rxh6 Rxb2 55. Kf4 1-0

[Event "2nd Cambridge Open 2024"]
[Site "Cambridge"]
[Date "2024.02.21"]
[Round "4.34"]
[White "Nawalaniec, Adam"]
[Black "Pert, Max"]
[Result "1-0"]
[ECO "B06"]
[WhiteElo "1876"]
[BlackElo "1950"]
[Annotator "NA RC"]
[PlyCount "79"]
[EventDate "2024.02.18"]
[EventType "swiss"]
[EventCountry "ENG"]
[SourceTitle "playchess.com"]
[Source "ChessBase"]
[SourceQuality "1"]
[TimeControl "5400+30"]

1. e4 g6 2. d4 Bg7 3. f4 c6 4. Nf3 d5 5. e5 Nh6 6. h3 Nf5 7. g4 Ng3 8. Rg1 Nxf1 9. f5 O-O 10. Kxf1 gxf5 11. g5 Re8 12. h4 Nd7 13. h5 Nf8 14. Nh4 e6 15. Nd2 c5 16. c3 cxd4 17. cxd4 Bd7 18. Ndf3 Qa5 19. g6 fxg6 20. hxg6 hxg6 21. Nxg6 Nxg6 22. Rxg6 Kf7 23. Rxg7+ Kxg7 24. Bd2 Qb5+ 25. Kf2 Rh8 26. Qg1+ Kf7 27. Qg5 Raf8 28. Nh4 Rxh4 29. Qxh4 Qxb2 30. Rd1 Ke8 31. Ke1 Bc6 32. Qh6 Bd7 33. Qg6+ Kd8 34. Rc1 Bc6 35. Bg5+ Kc7 36. Qg7+ Kb6 37. Qxf8 Qxd4 38. Bd8+ Ka6 39. Qa3+ Ba4 40. Qd6+ 1-0

[Event "2nd Cambridge Open 2024"]
[Site "Cambridge"]
[Date "2024.02.21"]
[Round "4.35"]
[White "Skettos, Nicolas"]
[Black "Ward, Ieuan C"]
[Result "1/2-1/2"]
[ECO "B90"]
[WhiteElo "1880"]
[BlackElo "2028"]
[Annotator "NA"]
[PlyCount "230"]
[EventDate "2024.02.18"]
[EventType "swiss"]
[EventCountry "ENG"]
[SourceTitle "playchess.com"]
[Source "ChessBase"]
[SourceQuality "1"]
[TimeControl "5400+30"]

1. e4 c5 2. Nf3 d6 3. d4 cxd4 4. Nxd4 Nf6 5. Nc3 a6 6. Be3 e5 7. Nb3 Be6 8. f4 exf4 9. Bxf4 Nc6 10. Qe2 Be7 11. h3 O-O 12. O-O-O Bxb3 13. cxb3 Qa5 14. Kb1 Rfe8 15. g4 Rad8 $18 (15... Bf8 $16 {might work better.}) 16. g5 Nd7 17. h4 Nc5 18. Qg2 Ne6 19. Be3 Bf8 20. a3 Ne7 21. h5 Rc8 22. Bc4 b5 23. Bxe6 fxe6 24. b4 Qc7 25. g6 h6 26. Rhf1 Nc6 27. Qh3 Ne5 28. Bd4 Nc4 29. Rf7 Re7 30. Rxe7 Qxe7 31. Ka2 Rb8 32. Rf1 Qe8 33. Rf7 a5 34. Ba7 axb4 35. axb4 Ra8 36. Kb1 Ne5 37. Rb7 Qc8 38. Rb8 Rxb8 39. Bxb8 Qxb8 40. Qxe6+ Kh8 41. Qd5 Qc7 42. Qxb5 Qc4 43. Qe8 Kg8 44. b5 Qb3 45. Ka1 Nd3 46. Qf7+ Qxf7 47. gxf7+ Kxf7 48. b6 Nc5 49. b4 Nb7 50. Ka2 g5 51. hxg6+ Kxg6 52. Kb3 Kf7 53. Kc4 Ke6 54. Kb5 Kd7 55. Nd5 Kc8 56. Nf4 Nd8 57. Kc4 Kb7 58. Ng6 h5 59. Kd4 Bg7+ 60. Kd5 Nf7 61. Ke6 Ne5 62. Nf4 Nc4 63. Kd5 Be5 64. Ng6 Nxb6+ 65. Ke6 Bg3 66. Kf5 h4 67. Kg4 Kc6 68. e5 dxe5 69. Nxe5+ Bxe5 70. Kxh4 Kd5 71. Kg4 Ke4 72. b5 Nd5 73. b6 Nxb6 74. Kh3 Kf3 75. Kh4 Nd5 76. Kg5 Ne7 77. Kh4 Bf4 78. Kh3 Nc6 79. Kh4 Ne5 80. Kh3 Nd3 81. Kh4 Nf2 82. Kh5 Ke4 83. Kg6 Ke5 84. Kf7 Ne4 85. Ke7 Nc5 86. Kd8 Ke6 87. Kc8 Bd6 88. Kd8 Kd5 89. Kc8 Kc6 90. Kd8 Nd3 91. Kc8 Nc5 92. Kd8 Bf4 93. Ke7 Bg5+ 94. Kf7 Kd5 95. Kg6 Be3 96. Kf5 Ne6 97. Kg4 Ke4 98. Kg3 Nd4 99. Kg2 Kf4 100. Kh2 Kf3 101. Kh1 Bf4 102. Kg1 Bg3 103. Kh1 Nf5 104. Kg1 Bf2+ 105. Kh2 Bd4 106. Kh1 Kf2 107. Kh2 Be5+ 108. Kh1 Kg3 109. Kg1 Ne3 110. Kh1 Ng4 111. Kg1 Bd4+ 112. Kf1 Kf3 113. Ke1 Kg2 114. Ke2 Ne5 115. Ke1 Kh1 1/2-1/2

[Event "2nd Cambridge Open 2024"]
[Site "Cambridge"]
[Date "2024.02.21"]
[Round "4.36"]
[White "Abhyuday, Santhosh"]
[Black "Wheatley, Wilfred"]
[Result "1-0"]
[ECO "B01"]
[WhiteElo "2058"]
[BlackElo "1864"]
[Annotator "NA"]
[PlyCount "91"]
[EventDate "2024.02.18"]
[EventType "swiss"]
[EventCountry "ENG"]
[SourceTitle "playchess.com"]
[Source "ChessBase"]
[SourceQuality "1"]
[TimeControl "5400+30"]

1. e4 d5 2. exd5 Qxd5 3. Nc3 Qd8 4. d4 Nf6 5. Nf3 Bg4 6. h3 Bxf3 {[%emt 0:02:28] B01: Scandinavian Defence.} 7. Qxf3 c6 8. g4 Qxd4 9. Be3 Qb4 10. O-O-O e6 11. Bd4 Nbd7 12. g5 Nd5 13. Nxd5 cxd5 14. a3 Qa4 15. Rg1 Bd6 16. Rg4 Be5 17. Bxe5 Nxe5 {[%emt 0:00:24] [#]} 18. Qxd5 $1 ({Much worse is} 18. Qxf7+ $6 Nxf7 19. Rxa4 Nxg5 $14) 18... exd5 ({Don't blunder} 18... Qxc2+ $2 19. Kxc2 exd5 20. Re1 $18) 19. Rxa4 O-O-O 20. Rxa7 $18 Nc6 21. Ra4 h6 22. gxh6 Rxh6 23. Bg2 Kc7 24. Rg4 g6 25. Bxd5 Rxh3 26. Bxf7 Rxd1+ 27. Kxd1 Rf3 28. Bxg6 Rxf2 29. Be4 Rf7 30. Bxc6 bxc6 31. b3 Rf2 32. Kc1 Kb6 33. Kb2 Rf3 34. b4 Rh3 35. c3 Rf3 36. Kb3 Rh3 37. Kc4 Rh1 38. a4 Rh6 39. a5+ Kc7 40. Rg7+ Kd6 41. a6 Rh1 42. a7 Ra1 43. Rg6+ Kc7 44. Kc5 Kb7 45. Rg7+ Ka8 46. Kb6 1-0

[Event "2nd Cambridge Open 2024"]
[Site "Cambridge"]
[Date "2024.02.21"]
[Round "4.37"]
[White "Crocker, Philip J"]
[Black "McMahon, Paul"]
[Result "1/2-1/2"]
[ECO "A29"]
[WhiteElo "2137"]
[BlackElo "1862"]
[Annotator "RC"]
[PlyCount "84"]
[EventDate "2024.02.18"]
[EventType "swiss"]
[EventCountry "ENG"]
[SourceTitle "playchess.com"]
[Source "ChessBase"]
[SourceQuality "1"]
[TimeControl "5400+30"]

1. c4 Nf6 2. g3 g6 3. Bg2 Bg7 4. Nc3 e5 5. Nf3 Nc6 6. O-O O-O 7. d4 exd4 8. Nxd4 Ne5 9. b3 d6 10. Bb2 c6 11. h3 Re8 12. e4 Qb6 13. Na4 Qc7 14. f4 Ned7 15. Re1 Nh5 16. Kh2 Nc5 17. Nc3 Ne6 18. Nde2 Nc5 19. Qd2 Nf6 20. Nd4 Ne6 21. Nf3 Nc5 22. e5 dxe5 23. Nxe5 Bf5 24. Rad1 Rad8 25. Qf2 Rxd1 26. Rxd1 Qb6 27. g4 Be6 28. g5 Nfd7 29. Ng4 f5 30. Ne3 Rd8 31. Qd2 Bf7 32. Bf3 Ne6 33. Ncd5 cxd5 34. Nxd5 Qc5 35. Bxg7 Nxg7 36. Nf6+ Nxf6 37. Qxd8+ Nfe8 38. Kg3 Qe3 39. Qd2 Nh5+ 40. Kg2 Nxf4+ 41. Kg3 Nh5+ 42. Kg2 Nf4+ 1/2-1/2

[Event "2nd Cambridge Open 2024"]
[Site "Cambridge"]
[Date "2024.02.21"]
[Round "4.38"]
[White "Ismail, Mohammed Aayan"]
[Black "De Coverly, Roger D"]
[Result "1-0"]
[ECO "E60"]
[WhiteElo "2115"]
[BlackElo "1893"]
[Annotator "RC"]
[PlyCount "89"]
[EventDate "2024.02.18"]
[EventType "swiss"]
[EventCountry "ENG"]
[SourceTitle "playchess.com"]
[Source "ChessBase"]
[SourceQuality "1"]
[TimeControl "5400+30"]

1. c4 Nf6 2. Nf3 g6 3. b3 Bg7 4. Bb2 d6 5. d4 O-O 6. e3 Nbd7 7. Be2 e5 8. dxe5 Ng4 9. O-O Ngxe5 10. Nc3 Nxf3+ 11. Bxf3 Ne5 12. Be2 Bd7 13. Qd2 Bc6 14. Nd5 Bxd5 15. cxd5 f5 16. Rfc1 Rf7 17. Rc2 Nd7 18. Bxg7 Rxg7 19. Rac1 Nc5 20. b4 Ne4 21. Qd4 a5 22. a3 b6 23. f3 Nf6 24. e4 fxe4 25. fxe4 axb4 26. axb4 Ra7 27. Rf1 Nd7 28. Bg4 Ne5 29. Be6+ Kh8 30. Rcf2 Ra8 31. Qe3 Qe7 32. h3 c5 33. bxc5 bxc5 34. Qf4 Rgg8 35. Bxg8 Kxg8 36. Qh6 Qg7 37. Qh4 g5 38. Qg3 h6 39. Rf6 Rd8 40. h4 g4 41. Re6 c4 42. Rff6 Qa7+ 43. Kh2 Qa2 44. Rxe5 dxe5 45. Qxg4+ 1-0

[Event "2nd Cambridge Open 2024"]
[Site "Cambridge"]
[Date "2024.02.21"]
[Round "4.39"]
[White "Golubovic, Erik"]
[Black "Gardiner, Eric D"]
[Result "1/2-1/2"]
[ECO "E04"]
[WhiteElo "2025"]
[BlackElo "1837"]
[Annotator "NA COMBH"]
[PlyCount "115"]
[EventDate "2024.02.18"]
[EventType "swiss"]
[EventCountry "ENG"]
[SourceTitle "playchess.com"]
[Source "ChessBase"]
[SourceQuality "1"]
[TimeControl "5400+30"]

1. d4 d5 2. Nf3 Nf6 3. c4 e6 4. g3 dxc4 5. Bg2 c5 6. O-O Nc6 7. Ne5 Bd7 8. Na3 {[%emt 0:00:12] 8.Nxc4 deserves study.} cxd4 9. Naxc4 Be7 10. Bf4 {[%emt 0:09:08] E04: Open Catalan: 5 Nf3.} Rc8 11. Nxd7 Qxd7 12. Ne5 Nxe5 13. Bxe5 Bc5 14. b4 Bb6 15. a4 a6 16. Ra3 $146 ({Predecessor:} 16. b5 axb5 17. Rb1 Bc5 18. Rxb5 b6 19. Bxf6 gxf6 20. Qd3 O-O 21. Rc1 Qd6 22. Rc4 Rc7 23. a5 {½-½ Schalkwijk,P (1513)-Bokros,J (1695) LSS RD-2009-0-00022}) 16... O-O 17. Rd3 Rfd8 18. Bxf6 gxf6 19. e3 $11 Rc3 20. exd4 Rxd3 21. Qxd3 Qxd4 22. Qb3 Rd7 23. h4 Qd3 24. Qxd3 Rxd3 25. a5 Ba7 26. Bxb7 Rxg3+ 27. Kh2 Rb3 28. Bxa6 Rxb4 29. Bc8 Rxh4+ 30. Kg3 Ra4 31. a6 Kg7 32. Rd1 f5 33. Rd7 Bc5 34. Rb7 Kg6 35. Bd7 Rxa6 36. Be8 Bd6+ 37. Kg2 h6 38. Bxf7+ Kf6 39. Be8 Ra8 40. Bh5 Rg8+ 41. Kf3 Rh8 42. Rd7 Be7 43. Ke2 e5 44. Rb7 e4 45. f3 exf3+ 46. Kxf3 Bd6 47. Rb6 Rd8 48. Ra6 Kg5 49. Bf7 h5 50. Ra5 Bb4 51. Rb5 Rd4 52. Be6 Rf4+ 53. Kg2 Rg4+ 54. Kf3 Rf4+ 55. Kg2 Be1 56. Rxf5+ Rxf5 57. Bxf5 Kxf5 58. Kh1 1/2-1/2

[Event "2nd Cambridge Open 2024"]
[Site "Cambridge"]
[Date "2024.02.21"]
[Round "4.40"]
[White "Woods, Yannick"]
[Black "Blauhut, Holger"]
[Result "1/2-1/2"]
[ECO "A14"]
[WhiteElo "1856"]
[BlackElo "2016"]
[Annotator "NA RC"]
[PlyCount "91"]
[EventDate "2024.02.18"]
[EventType "swiss"]
[EventCountry "ENG"]
[SourceTitle "playchess.com"]
[Source "ChessBase"]
[SourceQuality "1"]
[TimeControl "5400+30"]

1. c4 e6 2. g3 d5 3. Bg2 Nf6 4. Nf3 Be7 5. O-O O-O 6. b3 c5 7. cxd5 Nxd5 8. Bb2 Nc6 9. Na3 b6 10. Nc4 Bb7 11. Qc1 Rc8 12. Ne3 Nd4 13. Qd1 Bf6 14. Nxd4 Bxd4 15. Bxd4 cxd4 $15 16. Nxd5 Bxd5 17. e4 Bb7 18. d3 Rc3 19. Qe2 Qc7 20. Rfd1 Rc8 21. Rd2 Qe7 22. f4 Rc1+ 23. Rxc1 Rxc1+ 24. Rd1 Rc3 25. e5 g6 26. Qf2 Bxg2 27. Kxg2 Qb7+ 28. Kh3 Qd5 29. Rd2 Kg7 30. Qg2 Qb5 31. Qe2 Qc5 32. Qe4 Rc1 33. g4 Rg1 34. Rg2 Rxg2 35. Qxg2 Qc1 36. Qf2 Qc5 37. Qh4 Qd5 38. Kg3 h6 39. Qf6+ Kg8 40. Qh4 Qd7 41. Qxh6 Qb5 42. Kh4 Qb4 43. Kh3 Qd2 44. Kh4 Qb4 45. Kh3 Qd2 46. Kh4 1/2-1/2

[Event "2nd Cambridge Open 2024"]
[Site "Cambridge"]
[Date "2024.02.21"]
[Round "4.41"]
[White "Homer, Stephen J"]
[Black "Rida, Ruqayyah"]
[Result "1/2-1/2"]
[ECO "C78"]
[WhiteElo "2045"]
[BlackElo "1743"]
[Annotator "NA RC"]
[PlyCount "71"]
[EventDate "2024.02.18"]
[EventType "swiss"]
[EventCountry "ENG"]
[SourceTitle "playchess.com"]
[Source "ChessBase"]
[SourceQuality "1"]
[TimeControl "5400+30"]

1. e4 e5 2. Nf3 Nc6 3. Bb5 a6 4. Ba4 Nf6 5. d3 b5 6. Bb3 Bc5 7. c3 d6 8. O-O O-O 9. h3 h6 10. Be3 Bxe3 11. fxe3 d5 12. exd5 Nxd5 13. Qe2 Be6 14. Nbd2 Qe7 15. d4 Rad8 16. a4 exd4 17. Nxd4 Nxd4 18. exd4 Qg5 $11 19. Kh1 Nf4 20. Qf3 Nh5 21. Ne4 Qg6 22. Bxe6 fxe6 23. Qg4 Qxe4 24. Qxh5 Qd5 25. Qxd5 exd5 26. Rxf8+ Kxf8 27. axb5 axb5 28. Ra7 c6 29. h4 h5 30. Kh2 Kg8 31. Re7 Rd6 32. Re5 Rh6 33. Kg3 Kf7 34. Kf4 Rf6+ 35. Kg3 g6 36. Re3 1/2-1/2

[Event "2nd Cambridge Open 2024"]
[Site "Cambridge"]
[Date "2024.02.21"]
[Round "4.42"]
[White "Pert, Nina"]
[Black "Spanton, Tim R"]
[Result "1-0"]
[ECO "B34"]
[WhiteElo "1968"]
[BlackElo "1736"]
[Annotator "NA RC"]
[PlyCount "65"]
[EventDate "2024.02.18"]
[EventType "swiss"]
[EventCountry "ENG"]
[SourceTitle "playchess.com"]
[Source "ChessBase"]
[SourceQuality "1"]
[TimeControl "5400+30"]

1. e4 c5 2. Nf3 g6 3. d4 cxd4 4. Nxd4 Nc6 5. Nxc6 bxc6 6. Qd4 Nf6 7. e5 Nd5 8. Bc4 Qb6 9. Qe4 Bg7 10. O-O O-O 11. Nd2 Ba6 12. Re1 Nc7 13. Bxa6 Qxa6 14. Nf3 d5 15. Qh4 Rae8 16. a4 Ne6 17. Ra3 f6 18. Qh3 Qc8 19. Bh6 Nc5 20. Qh4 Ne4 21. Bxg7 Kxg7 22. e6 g5 23. Qh3 c5 24. Qf5 Rd8 25. Rd3 Qb7 26. Rxe4 dxe4 27. Nxg5 fxg5 28. Qxg5+ Kh8 29. Qe5+ Rf6 30. Rxd8+ Kg7 31. Rd7 Qb6 32. Rxe7+ Kg6 33. Qxe4+ 1-0

[Event "2nd Cambridge Open 2024"]
[Site "Cambridge"]
[Date "2024.02.21"]
[Round "4.43"]
[White "Mocic, Ivano"]
[Black "OShea, Colm"]
[Result "1-0"]
[ECO "D02"]
[WhiteElo "2008"]
[BlackElo "1729"]
[Annotator "RC"]
[PlyCount "189"]
[EventDate "2024.02.18"]
[EventType "swiss"]
[EventCountry "ENG"]
[SourceTitle "playchess.com"]
[Source "ChessBase"]
[SourceQuality "1"]
[TimeControl "5400+30"]

1. d4 d5 2. Nf3 Nf6 3. Bf4 c5 4. e3 Nc6 5. Nbd2 Qb6 6. dxc5 Qxb2 7. c4 e6 8. Qc1 Qb4 9. a3 Qxc5 10. Nb3 Qb6 11. Rb1 Qd8 12. Be2 Be7 13. O-O O-O 14. Rd1 Qe8 15. Bg5 dxc4 16. Bxc4 a6 17. Bd3 Nd5 18. Bxe7 Ndxe7 19. Qc2 h6 20. Nc5 b5 21. a4 b4 22. e4 e5 23. h3 f5 24. exf5 Bxf5 25. Qe2 Bxd3 26. Qxd3 a5 27. Ne6 Qf7 28. Nxf8 Rxf8 29. Re1 Nd4 30. Nxd4 exd4 31. Qxd4 Nd5 32. Rb2 Nc3 33. Ra1 Qc7 34. Qd3 Qc5 35. Rc2 Kh8 36. Rac1 Qb6 37. Ra1 Qf6 38. Rf1 Qb6 39. Rxc3 bxc3 40. Qxc3 Qb4 41. Qxb4 axb4 42. Rb1 Rb8 43. Rb3 Kg8 44. Kf1 Kf7 45. a5 Ra8 46. Ke2 Rxa5 47. Rxb4 h5 48. Kf3 g6 49. g3 Kg7 50. Rb6 Rf5+ 51. Ke3 Re5+ 52. Kf3 Rf5+ 53. Kg2 Ra5 54. Rb4 Rc5 55. Kf3 Rf5+ 56. Rf4 Ra5 57. Rd4 Rf5+ 58. Ke3 Re5+ 59. Kd3 Rf5 60. f4 Rf7 61. Ke3 Re7+ 62. Re4 Ra7 63. Kf3 Ra3+ 64. Re3 Ra4 65. g4 hxg4+ 66. hxg4 Kf7 67. Kg3 Kf6 68. Rb3 Ra7 69. Rb6+ Kf7 70. Kh4 Ra5 71. Rc6 Rb5 72. Rc7+ Kg8 73. Re7 Ra5 74. Re5 Ra6 75. Kg5 Kf7 76. Rb5 Rc6 77. Rb7+ Kg8 78. Kh6 Rf6 79. Rb8+ Kf7 80. Rb7+ Kg8 81. Kg5 Ra6 82. Re7 Rb6 83. Re1 Kg7 84. Re5 Ra6 85. Rd5 Rb6 86. Rd7+ Kg8 87. Re7 Ra6 88. Kh6 Rf6 89. Re4 Ra6 90. Rc4 Rb6 91. Rc8+ Kf7 92. Kh7 Rf6 93. Rc7+ Kf8 94. f5 gxf5 95. g5 1-0

[Event "2nd Cambridge Open 2024"]
[Site "Cambridge"]
[Date "2024.02.21"]
[Round "4.44"]
[White "Underwood, Jon"]
[Black "Berkley, Stephen W"]
[Result "1-0"]
[ECO "A03"]
[WhiteElo "1993"]
[BlackElo "1667"]
[Annotator "NA COMBH"]
[PlyCount "113"]
[EventDate "2024.02.18"]
[EventType "swiss"]
[EventCountry "ENG"]
[SourceTitle "playchess.com"]
[Source "ChessBase"]
[SourceQuality "1"]
[TimeControl "5400+30"]

1. f4 Nh6 2. Nf3 d5 3. e3 g6 4. d4 Bg7 5. b3 O-O 6. Bd3 {[%emt 0:00:31] A03: Bird's Opening with 1...d5.} Bf5 7. Be2 c5 8. Bb2 Nc6 9. O-O Ng4 10. Qd2 cxd4 11. Nxd4 Nxd4 12. Bxd4 Nf6 13. c4 dxc4 14. bxc4 Ne4 15. Qb2 Bxd4 16. exd4 Qd7 17. Nd2 Nxd2 18. Qxd2 Rad8 19. Rad1 Bg4 $11 20. Bxg4 Qxg4 21. f5 Kg7 22. Rf3 Rd7 23. fxg6 hxg6 24. Rg3 Qe4 25. Qc3 f6 26. Re3 Qf4 27. Rf3 Qe4 28. Rh3 Rfd8 29. d5 Rc7 30. Re1 Qf4 31. Rf3 Qd6 32. Qd4 Rdd7 33. Rfe3 Kf7 34. Qh4 Qc5 35. Qh7+ Kf8 36. Qxg6 Qd4 37. Kh1 Rxc4 38. Rh3 f5 39. Qxf5+ Ke8 40. Qg6+ Kd8 41. Qg8+ Kc7 42. Rh8 Qe4 43. Qg3+ Qf4 44. Qa3 Qd6 45. Qa5+ Qb6 46. Qxb6+ Kxb6 47. h4 Rxd5 48. Rxe7 Rdd4 49. Reh7 Rd2 50. Rb8 Rc7 51. Rxc7 Kxc7 52. Rf8 Rxa2 53. Kh2 Ra3 54. h5 Ra5 55. g4 Rg5 56. Kg3 a5 57. h6 1-0

[Event "2nd Cambridge Open 2024"]
[Site "Cambridge"]
[Date "2024.02.21"]
[Round "4.45"]
[White "Hutchinson, Norman A"]
[Black "Chiang, Richard"]
[Result "1-0"]
[ECO "B12"]
[WhiteElo "1962"]
[BlackElo "1609"]
[Annotator "NA RC"]
[PlyCount "127"]
[EventDate "2024.02.18"]
[EventType "swiss"]
[EventCountry "ENG"]
[SourceTitle "playchess.com"]
[Source "ChessBase"]
[SourceQuality "1"]
[TimeControl "5400+30"]

1. e4 c6 2. d4 d5 3. e5 c5 4. dxc5 Nc6 5. Nf3 Bg4 6. c3 e6 7. Bb5 Bxf3 8. Qxf3 Bxc5 9. Qg3 g6 10. O-O Nge7 11. Bg5 O-O 12. b4 Bb6 13. Bxc6 bxc6 14. Qh4 Re8 15. Bf6 Qd7 16. g4 h5 17. Qg5 Kh7 18. Nd2 Ng8 19. gxh5 Bd8 20. hxg6+ fxg6 21. Qh4+ Nh6 22. Nf3 Bxf6 23. exf6 Rh8 24. Ne5 Qc7 25. f4 Kg8 26. Qg5 Nf5 27. f7+ Kf8 28. Qf6 Rh6 29. Nxg6+ Rxg6+ 30. Qxg6 Qxf7 31. Qxf7+ Kxf7 32. Rae1 Rg8+ 33. Kh1 Rh8 34. Rf3 Nd6 35. Re2 Rh4 36. h3 Kf6 37. Kh2 Ne4 38. c4 Kf5 39. c5 d4 40. Rd3 e5 41. fxe5 Kxe5 42. Kg2 Rf4 43. Rf3 Rh4 44. Kf1 Kd5 45. a3 Kc4 46. Ke1 Nc3 47. Re7 Nb5 48. Re6 Nxa3 49. Rxa3 Kxb4 50. Rxa7 Kxc5 51. Ra3 Kd5 52. Rg6 c5 53. Rg4 Rh5 54. h4 Kc4 55. Rh3 Rd5 56. Kd2 Kb4 57. h5 c4 58. h6 c3+ 59. Kd3 Kb3 60. Rg2 Rc5 61. Rc2 Re5 62. h7 Re3+ 63. Rxe3 dxe3 64. h8=Q 1-0

[Event "2nd Cambridge Open 2024"]
[Site "Cambridge"]
[Date "2024.02.21"]
[Round "4.46"]
[White "Maton, Emily"]
[Black "Gooding, Ian"]
[Result "1/2-1/2"]
[ECO "D10"]
[WhiteElo "1736"]
[BlackElo "1923"]
[Annotator "RC"]
[PlyCount "73"]
[EventDate "2024.02.18"]
[EventType "swiss"]
[EventCountry "ENG"]
[SourceTitle "playchess.com"]
[Source "ChessBase"]
[SourceQuality "1"]
[TimeControl "5400+30"]

1. d4 d5 2. c4 c6 3. cxd5 cxd5 4. Bf4 Nc6 5. Nc3 Nf6 6. e3 Ne4 7. Nge2 g5 8. Bg3 Qa5 9. f3 Nxg3 10. hxg3 Bf5 11. Nc1 e6 12. Nb3 Qc7 13. Kf2 Bd6 14. f4 Qe7 15. Bd3 gxf4 16. exf4 Qf6 17. Re1 O-O-O 18. Bb5 Rhg8 19. Bxc6 bxc6 20. Qe2 Qg6 21. Qf3 Rg7 22. Rac1 Kd7 23. Ne2 Bb4 24. Nc3 Rdg8 25. a3 Bd6 26. Ne2 Bd3 27. Rc3 Bc4 28. Na5 Bxe2 29. Rxe2 Qf6 30. Nb3 Rxg3 31. Qxg3 Rxg3 32. Rxg3 Qxf4+ 33. Rf3 Qh4+ 34. g3 Qh2+ 35. Kf1 Qh1+ 36. Kf2 Qh5 37. Kg2 1/2-1/2

[Event "2nd Cambridge Open 2024"]
[Site "Cambridge"]
[Date "2024.02.21"]
[Round "4.47"]
[White "Chan, Michelle (Ngo Yu)"]
[Black "Lazarus, Simon E"]
[Result "1-0"]
[ECO "B01"]
[WhiteElo "1681"]
[BlackElo "1845"]
[Annotator "NA RC"]
[PlyCount "91"]
[EventDate "2024.02.18"]
[EventType "swiss"]
[EventCountry "ENG"]
[SourceTitle "playchess.com"]
[Source "ChessBase"]
[SourceQuality "1"]
[TimeControl "5400+30"]

1. e4 d5 2. exd5 Nf6 3. Nf3 Qxd5 4. Nc3 Qd8 5. Bc4 Bf5 6. d4 e6 7. Nh4 Bg4 8. Qd3 Bd6 9. h3 Bh5 10. g4 Bg6 11. Nxg6 hxg6 12. Bg5 c6 13. O-O-O Qc7 14. Bxf6 gxf6 15. Rhe1 Kf8 16. Bxe6 fxe6 17. Rxe6 Bf4+ 18. Kb1 Qf7 19. Rde1 Nd7 20. Qe4 Be5 21. d5 cxd5 22. Qb4+ Kg8 23. Re7 a5 24. Qa3 Qf8 25. Nxd5 Rh7 26. f4 b5 27. fxe5 b4 28. Qb3 Rxe7 29. Nxe7+ Kh7 30. Nxg6 Kxg6 31. Qd3+ Kh6 32. Qxd7 Rd8 33. Qf5 fxe5 34. Qxf8+ Rxf8 35. b3 Re8 36. h4 e4 37. Re3 Kg6 38. c4 Kf6 39. Kc2 Ke5 40. Kd2 Rf8 41. Re2 Rf3 42. Rg2 Kd4 43. g5 Rc3 44. g6 e3+ 45. Kd1 Ke4 46. g7 1-0

[Event "2nd Cambridge Open 2024"]
[Site "Cambridge"]
[Date "2024.02.21"]
[Round "5.1"]
[White "Wachinger, Nikolas"]
[Black "Sonis, Francesco"]
[Result "1/2-1/2"]
[ECO "B51"]
[WhiteElo "2437"]
[BlackElo "2573"]
[Annotator "TA"]
[PlyCount "81"]
[EventDate "2024.02.18"]
[EventType "swiss"]
[EventCountry "ENG"]
[SourceTitle "playchess.com"]
[Source "ChessBase"]
[SourceQuality "1"]
[TimeControl "5400+30"]

1. e4 c5 2. Nf3 d6 3. Bb5+ Nd7 4. d4 cxd4 5. Nxd4 Ngf6 6. O-O a6 7. Bd3 Nc5 8. Nc3 {[%emt 0:02:57] The position is equal.} g6 9. Re1 Bg7 10. Bf1 O-O 11. Bg5 h6 12. Bh4 e6 13. Qd2 (13. Nb3 $11 b6 14. Nxc5 bxc5 15. Rb1) 13... g5 (13... Nfxe4 $1 $17 14. Nxe4 Qxh4 15. Nxc5 Qxd4) 14. Bg3 $15 Nh5 15. Rad1 Nxg3 16. hxg3 Bd7 17. Nb3 {[%emt 0:08:12] [#] Threatens to win with Nxc5.} Na4 18. Nxa4 Bxa4 19. c3 Bxb3 20. axb3 Qb6 21. b4 Rfd8 22. Qe3 Qxe3 23. Rxe3 Kf8 24. Ra1 Ke7 25. g4 d5 26. exd5 Rxd5 27. Rd3 Rad8 28. Rad1 R8d6 29. Be2 Kd7 30. Kf1 Kc7 31. g3 b5 32. Ke1 Kb6 33. Kd2 Rd7 34. Kc2 Be5 35. Bf3 Rxd3 36. Rxd3 Rxd3 37. Kxd3 $11 {[%emt 0:00:12] KB-KB} f5 38. Bd1 f4 39. gxf4 {[%emt 0:00:27] White is slightly better.} Bxf4 40. Bb3 e5 41. Bd5 {[%emt 0:00:28] Weighted Error Value: White=0.12 (very precise) /Black=0.09 (flawless) .  Mistake:       	White=1     	Black=1      Inaccurate:     	---       	Black=2      OK:         	White=16    	Black=18     Best:        	---       	Black=1} 1/2-1/2